 Dungeon Crawl Stone Soup version 0.27.0-1-g7a089689b8 (webtiles) character file.

Game seed: 7125863264924636881

176 raph the Poker (level 5, -1/45 HPs)
             Began as a Minotaur Fighter on Aug 4, 2021.
             Was an Initiate of Okawaru.
             Killed from afar by Sigmund (6 damage)
             ... with a puff of flame
             ... on level 2 of the Dungeon.
             The game lasted 00:03:29 (2031 turns).

raph the Poker (Minotaur Fighter)                   Turns: 2031, Time: 00:03:30

Health: -1/45      AC:  6    Str: 20    XL:     5   Next: 30%
Magic:  4/4        EV:  7    Int:  5    God:    Okawaru [......]
Gold:   68         SH:  0    Dex: 11    Spells: 4/4 levels left

rFire    . . .     SeeInvis .   a - +0 trident
rCold    . . .     Faith    .   c - +0 kite shield
rNeg     . . .     Spirit   .   b - +0 scale mail
rPois    .         Reflect  .   (helmet restricted)
rElec    .         Harm     .   (no cloak)
rCorr    .         Rampage  .   (no gloves)
Will     .....                  (no boots)
Stlth    ..........             (no amulet)
HPRegen  0.15/turn              (no ring)
MPRegen  0.09/turn              (no ring)

@: confused
A: horns 2, retaliatory headbutt
a: Renounce Religion


You were on level 2 of the Dungeon.
You worshipped Okawaru.
Okawaru was noncommittal.
You visited 1 branch of the dungeon, and saw 3 of its levels.

You collected 68 gold pieces.

Inventory:

Hand Weapons
 a - a +0 trident (weapon)
Armour
 b - a +0 scale mail (worn)
 c - a +0 kite shield (worn)
Scrolls
 e - 3 scrolls of enchant weapon {unknown}
 f - a scroll of identify {unknown}
 g - 2 scrolls of magic mapping {unknown}


   Skills:
 - Level 3.6 Fighting
 + Level 6.8 Polearms
 - Level 3.6 Armour
 - Level 3.6 Shields


You had 4 spell levels left.
You didn't know any spells.
Your spell library was empty.

Dungeon Overview and Level Annotations

Branches:
Dungeon (3/15)

Altars:
Okawaru

Annotations:
D:2 Sigmund


Innate Abilities, Weirdness & Mutations

You have a pair of horns on your head.
You reflexively headbutt those who attack you in melee.


Message History

You bump into the rock wall.
Something hits you but does no damage. Something hits you.
You're too confused to move!
Something hits you.
You barely miss something. Something hits you.
You're too confused to move!
You feel less confused. Something hits you!
You barely miss something.
You hear some strange, mumbled words.
Something tries to affect you, but you resist.
You hear some strange, mumbled words.
A puff of flame appears from out of thin air!
The puff of flame hits you.
* * * LOW HITPOINT WARNING * * *
It was a potion of invisibility.
You fade into invisibility!
Something hits you but does no damage.
You are very lightly contaminated with residual magic.
You flicker for a moment.
You flicker back into view.
You are confused.
You bump into the rock wall.
Something hits you but does no damage.
You bump into the rock wall.
Something hits you!
* * * LOW HITPOINT WARNING * * *
You bump into the rock wall.
Something hits you but does no damage.
Your magical contamination has completely faded away.
It was a potion of heal wounds.
You feel much better.
You feel less confused.
You hear some strange, mumbled words.
You are confused.
Something hits you!
You closely miss something. Your headbutt misses something. Something hits you.
You hit something. Your headbutt misses something. Something hits you!
* * * LOW HITPOINT WARNING * * *
You completely miss something. You headbutt something.
You hear some strange, mumbled words.
A puff of flame appears from out of thin air!
The puff of flame hits you.
You die...

#.###.....(.#
#.{.........#
##########.......#
#.............)..#
#.################
#.# #.# #{# #@#
#.# #.# #.# #.#
..# ###


There were no monsters in sight!

Vanquished Creatures
  Natasha (thrice) (D:2)
  Robin (D:2)
  3 adders
  5 ball pythons
  5 endoplasms
  A giant cockroach (D:1)
  12 goblins
  4 hobgoblins (D:2)
  12 jackals
  2 quokkas (D:1)
  4 bats (D:1)
  4 frilled lizards
  2 kobolds
  2 rats
60 creatures vanquished.

Notes
Turn   | Place    | Note
-------+----------+-------------------------------------------
     0 | D:1      | raph the Minotaur Fighter began the quest for the Orb.
     0 | D:1      | Reached XP level 1. HP: 19/19 MP: 0/0
    67 | D:1      | You fall into a shaft and drop 1 floor!
    67 | D:2      | Found an iron altar of Okawaru.
    70 | D:2      | Became a worshipper of Warmaster Okawaru
    89 | D:2      | Reached skill level 3 in Polearms
    97 | D:2      | Reached XP level 2. HP: 13/26 MP: 1/1
   289 | D:2      | Reached skill level 4 in Polearms
   295 | D:2      | Reached XP level 3. HP: 18/31 MP: 2/2
   472 | D:2      | Noticed Natasha
   498 | D:2      | Killed Natasha
   499 | D:2      | Reached skill level 5 in Polearms
   510 | D:2      | Noticed Natasha
   522 | D:2      | Killed Natasha
   523 | D:2      | Reached XP level 4. HP: 7/39 MP: 3/3
   825 | D:2      | Noticed Natasha
   851 | D:2      | Killed Natasha
   852 | D:2      | Reached skill level 6 in Polearms
   903 | D:2      | You fall into a shaft and drop 1 floor!
  1192 | D:1      | Reached XP level 5. HP: 42/45 MP: 4/4
  1236 | D:1      | You fall into a shaft and drop 1 floor!
  1807 | D:2      | Noticed Robin
  1824 | D:2      | Killed Robin
  1990 | D:2      | Noticed Sigmund
  2025 | D:2      | HP: 1/45 [something (12)]
  2031 | D:2      | Killed from afar by Sigmund

Illustrated notes

Levels and vault maps discovered:
D:1:      scummos_arrival_forest, layout_basic, hangedman_abyss_or_decor_stabs,
          kennysheep_pointless_box, serial_bayou_lagoon_a, minmay_statues_item
D:2:      layout_basic, basic_altar, uniq_robin, uniq_sigmund, uniq_natasha
D:3:      layout_loops_ring, serial_undead, serial_undead_b, serial_undead_a,
          serial_undead_f, serial_undead_c, serial_undead_d, serial_undead_c,
          serial_undead_b, serial_undead_f, serial_undead_b, serial_undead_e

Skill      XL: |  1  2  3  4 |
---------------+-------------+-----
Polearms       | 3 4 5 6 |  6.8
Fighting       | |  3.6
Armour         | |  3.6
Shields        | |  3.6

Action                   |  1- 3 |  4- 6 || total
-------------------------+-------+-------++-------
Melee: Trident           |    85 |    99 ||   184
       Headbutt          |    11 |     8 ||    19
  Use: Potion            |     1 |     2 ||     3
Armor: Scale mail        |    34 |    37 ||    71
Dodge: Dodged            |    23 |    24 ||    47
Block: Kite shield       |    46 |    40 ||    86
